 Dungeon Crawl Stone Soup version 0.23-a0-655-g3751e1c (console) character file.

9 Duffy the Firebug (level 2, 19/19 HPs)
             Began as a Demonspawn Fire Elementalist on Jan 7, 2019.
             Quit the game on level 1 of the Dungeon.
             The game lasted 00:00:23 (588 turns).

Duffy the Firebug (Demonspawn Fire Elementalist)     Turns: 588, Time: 00:00:24

Health: 19/19      AC:  4    Str:  8    XL:     2   Next: 3%
Magic:  5/5        EV: 12    Int: 16    God:
Gold:   18         SH:  0    Dex: 13    Spells: 4/5 levels left

rFire    . . .     SeeInvis .   e - +2 spear (freeze)
rCold    . . .     Gourm    .   (no shield)
rNeg     . . .     Faith    .   a - +0 robe
rPois    .         Spirit   .   (no helmet)
rElec    .         Reflect  .   (no cloak)
rCorr    .         Harm     .   (no gloves)
MR       .....                  (no boots)
Stlth    ++........             (no amulet)
HPRegen  0.06/turn              (no ring)
MPRegen  0.09/turn              (no ring)

@: no status effects
A: slimy green scales 1
a: no special abilities


You were on level 1 of the Dungeon.
You were not hungry.

You visited 1 branch of the dungeon, and saw 1 of its levels.

You collected 18 gold pieces.

Inventory:

Hand Weapons
 e - a +2 spear of freezing (weapon)
Armour
 a - a +0 robe (worn)
Scrolls
 b - a scroll of teleportation {unknown}
 i - a scroll of identify {unknown}
Potions
 d - a potion of curing {unknown}
 f - a potion of berserk rage {unknown}
 h - a potion of lignification {unknown}
 j - a potion of haste {unknown}
Comestibles
 c - 2 rations
 g - 7 chunks of flesh


   Skills:
 - Level 1.7 Dodging
 - Level 1.7 Stealth
 + Level 2.2 Spellcasting
 + Level 1.4 Conjurations
 + Level 2.8 Fire Magic


You had 4 spell levels left.
You knew the following spells:

 Your Spells              Type           Power        Failure   Level  Hunger
h - Flame Tongue          Conj/Fire      #....        9%          1    #......

Your spell library contained the following spells:

 Spells                   Type           Power        Failure   Level  Hunger
 Throw Flame              Conj/Fire      #.....       13%         2    ###....
 Conjure Flame            Conj/Fire      #.......     26%         3    ###....
 Inner Flame              Hex/Fire       #.......     32%         3    ###....
 Sticky Flame             Conj/Fire      #.......     63%         4    #####..
 Fireball                 Conj/Fire      #.........   93%         5    ######.


Dungeon Overview and Level Annotations

Branches:
Dungeon (1/15)

Altars:


Innate Abilities, Weirdness & Mutations

You are partially covered in slimy green scales. (AC +2)


Message History

You butcher the hobgoblin corpse.
g - 7 chunks of flesh (gained 1)
You see here a hobgoblin skeleton. x2
Found a leather armour.
i - a scroll labeled ESURIP DUAGH
j - an amethyst potion No target in view!
The bat is too close now for your liking.
A bat is nearby!
Attack whom?
Press: ? - help, Dir - move target cursor, f - bat
Aim: a bat (resting)
You reach to attack!
The helpless bat fails to defend itself.
You hit the bat. You freeze the bat.
You kill the bat!
You have reached level 2!
Your demonic ancestry asserts itself...
Slimy green scales grow over part of your body.
Are you sure you want to abandon this character and quit the game? (Confirm

#..#######.............#
###..# #####.#....#.## .%...#
#.#.####.# ##.### ......##.#
#.# ##.#.#.##.# #.# #.#.#.##.#
##.# #%#.#.##.# # .#.#
####.#.#.##.#####.# .#.####.#
#....@............# ........#
###.##..........#####
.#.........##.####.#.........#
.#########.##.# #.#####..##.#
##########.##.####.# #..# ..
%..................# #..# ##
#########.##...#########..#
#.................#
####...#########.##


There were no monsters in sight!

Vanquished Creatures
  2 hobgoblins (D:1)
  3 jackals (D:1)
  2 bats (D:1)
7 creatures vanquished.

Notes
Turn   | Place    | Note
-------+----------+-------------------------------------------
     0 | D:1      | Duffy the Demonspawn Fire Elementalist began the quest for
                  | the Orb.
     0 | D:1      | Reached XP level 1. HP: 13/13 MP: 3/3
   587 | D:1      | Gained mutation: You are partially covered in slimy green
                  | scales. (AC +2) [demonic ancestry]
   587 | D:1      | Reached XP level 2. HP: 19/19 MP: 5/5
   588 | D:1      | Quit the game

Vault maps used:
D:1:      dpeg_arrival_court

Action                   || total
-------------------------++-------
Melee: Spear             ||    13
 Cast: Flame Tongue      ||     4
 Stab: Sleeping          ||     1
Armor: Robe              ||     1
Dodge: Dodged            ||     6

Table legend:
 A = Non-vault XP
 B = Vault XP
 C = Vault XP percentage of total XP
 D = Non-vault monster count
 E = Vault monster count
 F = Vault count percentage of total count
                 A         B        C        D         E       F
            +---------+---------+-------+---------+---------+-------
      Total |      13 |       0 |   0.0 |       7 |       0 |   0.0
            +---------+---------+-------+---------+---------+-------
        D:1 |      13 |       0 |   0.0 |       7 |       0 |   0.0
            +---------+---------+-------+---------+---------+-------
